 Dungeon Crawl Stone Soup version 0.22.1-1-ga44c0e56f4 (webtiles) character file.

111 Masnef the Caller (level 4, 0/25 HPs)
             Began as a Tengu Summoner on Oct 27, 2018.
             Was an Initiate of Sif Muna.
             Slain by an ogre
             ... wielding a +0 giant club
              (16 damage)
             ... on level 4 of the Dungeon on Nov 10, 2018.
             The game lasted 00:10:06 (3848 turns).

Masnef the Caller (Tengu Summoner)                  Turns: 3848, Time: 00:10:06

Health: 0/25       AC:  2    Str:  8    XL:     4   Next: 92%
Magic:  6/8        EV: 12    Int: 16    God:    Sif Muna [......]
Gold:   83         SH:  0    Dex: 15    Spells: 2/8 levels left

rFire    . . .     SeeInvis .   h - +0 mace
rCold    . . .     Gourm    .   (no shield)
rNeg     . . .     Faith    .   a - +0 robe
rPois    .         Spirit   .   (helmet restricted)
rElec    .         Reflect  .   (no cloak)
rCorr    .         Harm     .   (no gloves)
MR       .....                  (boots unavailable)
Stlth    +++.......             (no amulet)
HPRegen  0.08/turn              l - ring of stealth
MPRegen  0.11/turn              (no ring)

@: heavily drained
A: beak, talons 3
a: Renounce Religion


You were on level 4 of the Dungeon.
You worshipped Sif Muna.
Sif Muna was noncommittal.
You were not hungry.

You visited 1 branch of the dungeon, and saw 4 of its levels.

You collected 83 gold pieces.

Inventory:

Hand Weapons
 e - a +0 club
 h - a +0 mace (weapon)
Armour
 a - a +0 robe (worn)
Jewellery
 l - a ring of stealth (left hand)
Scrolls
 b - 4 scrolls of enchant weapon {unknown}
 f - 6 scrolls of identify {unknown}
 j - 3 scrolls of remove curse {unknown}
 n - a scroll of teleportation {unknown}
 p - a scroll of fog {unknown}
 r - a scroll of amnesia {unknown}
 s - a scroll of blinking {unknown}
 t - a scroll of enchant armour {unknown}
Potions
 d - 2 potions of might {unknown}
 g - 2 potions of ambrosia {unknown}
 i - a potion of heal wounds {unknown}
 k - a potion of resistance {unknown}
 m - 2 potions of lignification {unknown}
 o - 2 potions of haste {unknown}
 q - a potion of curing {unknown}
 u - a potion of brilliance {unknown}
Comestibles
 c - 9 rations


   Skills:
 - Level 1.6(0.2) Fighting
 - Level 1.6(0.2) Maces & Flails
 - Level 2.5(1.1) Dodging
 - Level 2.0(0.6) Stealth
 + Level 2.5(1.1) Spellcasting
 * Level 0.3(0.0) Hexes
 + Level 5.9(4.3) Summonings


You had 2 spell levels left.
You knew the following spells:

 Your Spells              Type           Power        Failure   Level  Hunger
a - Summon Small Mammal   Summ           ##..         3%          1    ##.....
b - Call Imp              Summ           ##......     6%          2    ###....
c - Confuse               Hex            #.......     56%         3    ####...

Your spell library contained the following spells:

 Spells                   Type           Power        Failure   Level  Hunger
 Confusing Touch          Hex            #.....       22%         1    ##.....
 Call Canine Familiar     Summ           ##......     12%         3    ####...
 Summon Guardian Golem    Hex/Summ       #.......     28%         3    ####...
 Gell's Gravitas          Tloc           #.........   56%         3    ####...
 Summon Ice Beast         Ice/Summ       #.......     67%         4    #####..
 Summon Lightning Spire   Summ/Air       #.......     67%         4    #####..
 Petrify                  Tmut/Erth      #.......     92%         4    #####..
 Metabolic Englaciation   Hex/Ice        #.........   99%         5    ######.
 Yara's Violent Unravell  Hex/Tmut       #.........   99%         5    ######.


Dungeon Overview and Level Annotations

Branches:
Dungeon (4/15)
 Temple: D:4-7

Altars:
Fedhas
Okawaru
Qazlal
Sif Muna
Zin


Innate Abilities, Weirdness & Mutations

You have a beak for a mouth.
You have claws for feet.


Message History

Your crimson imp hits the ogre.
You see here 19 poisoned needles.
Your crimson imp blinks!
Things that are here:
a trident; a leather armour The ogre hits you with a giant club!
Ouch! That really hurt!
There is an open door here.
Your magical contamination has completely faded away.
There is an open door here.
Casting: Call Imp (safe; 6% risk of failure)
Confirm with . or Enter, or press ? or * to list all spells.
You miscast Call Imp.
You are very lightly contaminated with residual magic.
A fistful of eyes flickers past your view.
There is an open door here.
Your magical contamination has completely faded away.
The ogre hits you with a giant club!
Ouch! That really hurt!
You die...

#.+....#.......##.#.#####....#...
#.#....#######.##.#.##.......#.#
....#+## #.##.#..'.........#
###.##########.##.#.##...)...###.
..................#.##..(........
###.########....###.####.#(#.####
#........+....# #.# #.#.#.###.
##########[..####.# #.#.....#.
#...'@O..# #.#.)...#. #...##.###
##.#.....#. ##.....# .....5......
#####.#.####.##..#.##
.........###.#.# ....####.......#
#.#### #$###...# #. #.# ##..## #.
#.# #.....


You could see an ogre.

Vanquished Creatures
  A hound (D:2)
  2 adders (D:2)
  An ooze (D:2)
  2 adder skeletons (D:4)
  2 dart slugs
  A leopard gecko (D:2)
  A ball python (D:3)
  5 giant cockroaches
  11 goblins
  4 hobgoblins
  2 jackals (D:1)
  A ball python skeleton (D:4)
  4 bats
  2 frilled lizards
  4 kobolds
  4 rats
47 creatures vanquished.

Vanquished Creatures (collateral kills)
  An adder (D:3)
  An orc (D:4)
  A bat (D:1)
3 creatures vanquished.

Grand Total: 50 creatures vanquished

Notes
Turn   | Place    | Note
-------+----------+-------------------------------------------
     0 | D:1      | Masnef the Tengu Summoner began the quest for the Orb.
     0 | D:1      | Reached XP level 1. HP: 10/10 MP: 4/4
   144 | D:1      | Reached skill level 5 in Summonings
   167 | D:1      | Reached XP level 2. HP: 12/16 MP: 6/6
   171 | D:1      | Learned a level 2 spell: Call Imp
  1075 | D:1      | Reached skill level 1 in Fighting
  1305 | D:1      | Reached XP level 3. HP: 20/20 MP: 7/7
  1411 | D:2      | Reached skill level 1 in Maces & Flails
  1674 | D:2      | Reached XP level 4. HP: 15/25 MP: 4/8
  2406 | D:2      | Found a glowing silver altar of Zin.
  2516 | D:2      | Found a deep blue altar of Sif Muna.
  2516 | D:2      | Found a faded altar of an unknown god.
  2524 | D:2      | Found an iron altar of Okawaru.
  2527 | D:2      | Became a worshipper of Sif Muna the Loreminder
  2530 | D:2      | Found a blossoming altar of Fedhas.
  2532 | D:2      | Found a faded altar of an unknown god.
  2739 | D:2      | Learned a level 3 spell: Confuse
  2963 | D:3      | Found a stormy altar of Qazlal.
  3777 | D:4      | Noticed an ogre
  3848 | D:4      | Slain by an ogre

Skill      XL: |  1  2  3 |
---------------+----------+-----
Summonings     | 5 |  5.9
Fighting       | 1 |  1.6
Maces & Flails | 1 |  1.6
Dodging        | |  2.5
Stealth        | |  2.0
Spellcasting   | |  2.5
Hexes          | |  0.3

Action                   |  1- 3 |  4- 6 || total
-------------------------+-------+-------++-------
Melee: Unarmed           |    11 |       ||    11
       Kick              |    14 |    14 ||    28
       Peck              |    10 |     7 ||    17
       Club              |    35 |       ||    35
       Mace              |    29 |    56 ||    85
 Cast: Call Imp          |     4 |     9 ||    13
       Summon Small Mamm |     4 |     1 ||     5
 Stab: Sleeping          |     2 |     5 ||     7
  Eat: Chunk             |     1 |     7 ||     8
       Ration            |       |     1 ||     1
Armor: Robe              |    24 |     5 ||    29
Dodge: Dodged            |    86 |    32 ||   118
